 Dungeon Crawl Stone Soup version 0.30-a0-937-ga0a21ad780 (webtiles) character file.

Game seed: 370372498583905682

96 Dirtsage the Slasher (level 4, -2/35 HPs)
             Began as a Demonspawn Fighter on Mar 24, 2023.
             Slain by an orc priest
             ... wielding a +0 club
              (5 damage)
             ... on level 3 of the Dungeon.
             The game lasted 00:02:44 (1134 turns).

Dirtsage the Slasher (Demonspawn Fighter)           Turns: 1134, Time: 00:02:44

Health: -2/35      AC:  6    Str: 17    XL:     4   Next: 41%
Magic:  4/4        EV:  8    Int:  9    God:
Gold:   99         SH:  4    Dex: 14    Spells: 3/3 levels left

rFire   . . .      SeeInvis .    k - +4 dagger (distort)
rCold   . . .      Faith    .    c - +0 buckler
rNeg    . . .      Spirit   .    b - +0 scale mail
rPois   .          Reflect  .    (no helmet)
rElec   .          Rampage  .    (no cloak)
rCorr   .                        (no gloves)
Will    .....                    (no boots) Stlth
                                 (no amulet)
HPRegen 0.25/turn                (no ring)
MPRegen 0.18/turn                (no ring)

@: no status effects
A: claws 1, magic regeneration
a: no special abilities


You were on level 3 of the Dungeon.
You visited 1 branch of the dungeon, and saw 3 of its levels.

You collected 99 gold pieces.

Inventory:

Hand Weapons
 a - a +0 long sword
 k - a +4 dagger of distortion (weapon)
Armour
 b - a +0 scale mail (worn)
 c - a +0 buckler (worn)
Scrolls
 e - 3 scrolls of teleportation {unknown}
 g - 5 scrolls of identify {unknown}
Potions
 d - 2 potions of might
 f - a potion of heal wounds {unknown}
 h - a potion of berserk rage {unknown}
 i - a potion of mutation {unknown}
 j - a potion of curing {unknown}
 l - a potion of brilliance {unknown}


   Skills:
 - Level 3.0 Fighting
 - Level 4.0 Long Blades
 - Level 2.6 Armour
 - Level 2.6 Shields
 * Level 1.3 Unarmed Combat


You had 3 spell levels left.
You didn't know any spells.
Your spell library contained the following spells:

 Spells                   Type           Power      Damage    Failure   Level
 Necrotise                Necr           0%         1d4       88%         1


Dungeon Overview and Level Annotations

Branches:
Dungeon (3/15)

Altars:
Kikubaaqudgha
Sif Muna
Vehumet


Innate Abilities, Weirdness & Mutations

You have sharp fingernails.
You regenerate magic rapidly.


Message History

You puncture the goblin!
You kill the goblin!
The orc priest calls down the wrath of Beogh upon you.
Pain shoots through your body!
You take 9 damage, and have 26/35 hp.
MASSIVE DAMAGE!!
An orc comes into view. It is wielding a +0 trident.
You see here a +0 club.
Found a stone staircase leading up.
The orc shouts!
You hear a shout!
The orc hits you but does no damage.
You hit the orc priest but do no damage.
The orc priest blinks!
The orc priest begins to cast a cantrip, but forgets the words!
The orc hits you from afar with a +0 trident.
You take 1 damage, and have 25/35 hp.
Found a stone staircase leading down.
An orc priest comes into view. It is wielding a +0 dagger.
The orc closely misses you.
You closely miss the orc.
The orc priest begins to cast a cantrip, but forgets the words!
You barely miss the orc. The orc hits you with a +0 trident!
You take 8 damage, and have 18/35 hp.
MASSIVE DAMAGE!!
You are too injured to fight recklessly!
You hit the orc but do no damage. The orc hits you with a +0 trident.
You take 1 damage, and have 17/35 hp.
You barely miss the orc.
A rat comes into view.
The orc hits you with a +0 trident.
You take 3 damage, and have 14/35 hp.
You hit the orc.
Space warps horribly around the orc!!
You kill the orc!
The orc priest mumbles some strange prayers to Beogh against you.
Beogh smites you!
* * * LOW HITPOINT WARNING * * *
An orc comes into view. It is wielding a +0 dagger.
You take 11 damage, and have 3/35 hp.
MASSIVE DAMAGE!!
The orc shouts!
You hit the orc priest but do no damage.
The orc priest hits you with a +0 club.
You die...

###.########.# #.... #.
#.# ###.... #.# #.....>
#.# #.#...o
..#########.# .......
............. #.....
..########.##
...##..####..##### #...
..<...)@...........##..#
..###.o................#
.......)....[.....##..#
...##.###.#.######.##...
.. ..# ##).# #.#..##
.....# #..# #.#..##
....#. ##†## #.#..#8
<......#.########.#.###
#...............#..##


You could see an orc priest and an orc.

Vanquished Creatures
  2 adders (D:2)
  4 dart slugs
  2 orcs (D:3)
  4 ball pythons (D:1)
  3 endoplasms
  A giant cockroach (D:1)
  8 goblins
  4 hobgoblins
  5 jackals
  5 kobolds
  A quokka (D:3)
  7 bats
  2 frilled lizards
  3 rats
51 creatures vanquished.

Notes
Turn   | Place    | Note
-------+----------+-------------------------------------------
     0 | D:1      | Dirtsage the Demonspawn Fighter began the quest for the
                  | Orb.
     0 | D:1      | Reached XP level 1. HP: 18/18 MP: 1/1
    80 | D:1      | Reached skill level 2 in Long Blades
   112 | D:1      | Gained mutation: You regenerate magic rapidly. [demonic
                  | ancestry]
   112 | D:1      | Reached XP level 2. HP: 18/24 MP: 2/2
   247 | D:1      | Reached skill level 3 in Long Blades
   362 | D:1      | Reached XP level 3. HP: 29/29 MP: 3/3
   661 | D:2      | Found a faded altar of an unknown god.
   735 | D:2      | Reached skill level 4 in Long Blades
   735 | D:2      | Gained mutation: You have sharp fingernails. [demonic
                  | ancestry]
   735 | D:2      | Reached XP level 4. HP: 35/35 MP: 4/4
   881 | D:2      | Reached skill level 1 in Unarmed Combat
  1074 | D:3      | Found a radiant altar of Vehumet.
  1081 | D:3      | Found an ancient bone altar of Kikubaaqudgha.
  1082 | D:3      | Found a shimmering blue altar of Sif Muna.
  1088 | D:3      | Got Kikubaaqudgha's Parchment of Iniquitous Rites
  1134 | D:3      | Slain by an orc priest

Illustrated notes

Levels and vault maps discovered:
D:1:      lemuel_arrival_broad_hall, layout_rooms, minmay_tetromino_t4
D:2:      layout_rooms, dreamdust_ecumenical_altar_grove, minivault_23,
          hangedman_feature_mirror
D:3:      layout_loops_ring, grunt_temple_overflow_magic_moments,
          kennysheep_generic_room_5, uniq_natasha, uniq_sigmund

Skill      XL: |  1  2  3  4 |
---------------+-------------+-----
Long Blades    | 2 3 4 |  4.0
Unarmed Combat | 1 |  1.3
Fighting       | |  3.0
Armour         | |  2.6
Shields        | |  2.6

Action                     |  1- 3 |  4- 6 || total
---------------------------+-------+-------++-------
  Melee: Long sword        |    95 |       ||    95
         Dagger            |    16 |    29 ||    45
 Armour: Scale mail        |    71 |    11 ||    82
  Dodge: Dodged            |    66 |     8 ||    74
  Block: Buckler           |    35 |     4 ||    39

Table legend: (Time is in decaauts)
 A = Elapsed time spent in this place.
 B = Non-inter-level travel time spent in this place.
 C = Inter-level travel time spent in this place.
 D = Time resting spent in this place.
 E = Time spent auto-exploring this place.
 F = Levels seen in this place.
 G = Mean time per level.
                   A        B        C        D        E       F      G
               +--------+--------+--------+--------+--------+-----+--------+
         Total |   1161 |   1146 |     15 |     27 |    795 |   3 |  387.0 |
       Dungeon |   1161 |   1146 |     15 |     27 |    795 |   3 |  387.0 |
               +--------+--------+--------+--------+--------+-----+--------+

Top non-repeatable levels by time:
     D:1: 571 daAuts
     D:2: 453 daAuts
     D:3: 137 daAuts
